 Dungeon Crawl Stone Soup version 0.27.0-1-g7a08968 (webtiles) character file.

Game seed: 15639128299000569558

709 GodsMustBeCrazy the Fighter (level 7, 0/50 HPs)
             Began as a Gargoyle Fighter on Aug 7, 2021.
             Slain by a black bear (5 damage)
             ... on level 5 of the Dungeon.
             The game lasted 00:09:26 (5712 turns).

GodsMustBeCrazy the Fighter (Gargoyle Fighter)      Turns: 5712, Time: 00:09:26

Health: 0/50       AC: 12    Str: 22    XL:     7   Next: 68%
Magic:  7/7        EV:  7    Int:  8    God:
Gold:   160        SH:  9    Dex:  9    Spells: 6/6 levels left

rFire    . . .     SeeInvis .   a - +1 flail (vorpal)
rCold    . . .     Faith    .   c - +0 kite shield
rNeg     + + .     Spirit   .   q - +0 scale mail
rPois    ∞         Reflect  .   B - +0 helmet
rElec    +         Harm     .   (no cloak)
rCorr    .         Rampage  .   (no gloves)
Will     .....                  (no boots)
Stlth    ..........             (no amulet)
HPRegen  0.16/turn              p - ring of positive energy
MPRegen  0.10/turn              (no ring)

@: no status effects
A: sickness immunity, AC +4, negative energy resistance 1, electricity
resistance, torment resistance 1, petrification resistance
a: no special abilities


You were on level 5 of the Dungeon.
You visited 1 branch of the dungeon, and saw 5 of its levels.

You collected 160 gold pieces.

Inventory:

Hand Weapons
 a - a +1 vorpal flail (weapon)
 b - a +0 hunting sling
 o - a +0 war axe
Missiles
 e - 107 arrows
 i - 76 stones
 j - 30 poisoned darts (quivered)
 t - a throwing net
Armour
 c - a +0 kite shield (worn)
 q - a +0 scale mail (worn)
 s - a +0 ring mail
 B - a +0 helmet (worn)
Jewellery
 p - a ring of positive energy (left hand)
Wands
 v - a wand of flame (7)
 x - a wand of acid (7)
 z - a wand of polymorph (7)
Scrolls
 f - a scroll of blinking {unknown}
 k - a scroll of summoning {unknown}
 l - 2 scrolls of identify {unknown}
 n - a scroll of fog {unknown}
 r - a scroll of teleportation {unknown}
 u - 2 scrolls of enchant weapon {unknown}
 w - a scroll of enchant armour {unknown}
 y - a scroll of magic mapping {unknown}
 A - a scroll of silence {unknown}
 C - a scroll of noise {unknown}
Potions
 d - a potion of might
 g - a potion of lignification {unknown}
 h - 2 potions of curing
 m - 3 potions of heal wounds {unknown}


   Skills:
 + Level 8.4 Fighting
 + Level 2.8 Axes
 - Level 3.2 Armour
 + Level 4.3 Shields
 + Level 1.3 Evocations


You had 6 spell levels left.
You didn't know any spells.
Your spell library was empty.

Dungeon Overview and Level Annotations

Branches:
Dungeon (5/15)
 Temple: D:4-7

Altars:
Fedhas
Gozag
Kikubaaqudgha
Ru
Vehumet

Shops:
D:3 :


Innate Abilities, Weirdness & Mutations

You are immune to sickness and miasma.
Your stone body is resilient. (AC +4)
You are immune to poison.
You resist negative energy. (rN+)
You are resistant to electric shocks. (rElec)
You are resistant to unholy torment.
You are immune to petrification.


Message History

You block the black bear's attack.
The black bear claws you but does no damage.
The black bear bites you but does no damage.
The black bear claws you but does no damage.
The black bear barely misses you.
The black bear bites you but does no damage.
You block the black bear's attack. x2
The black bear rages.
The black bear bites you but does no damage.
You block the black bear's attack. The black bear barely misses you.
The black bear rages.
The black bear bites you.
* * * LOW HITPOINT WARNING * * *
The black bear claws you but does no damage. x2
The black bear barely misses you.
The black bear claws you but does no damage. x2
The black bear misses you. The black bear closely misses you.
You block the black bear's attack. You block the black bear's attack. x2
The black bear claws you but does no damage.
The black bear bites you.
* * * LOW HITPOINT WARNING * * *
The black bear claws you but does no damage. x2
You block the black bear's attack. The black bear closely misses you.
The black bear barely misses you. The black bear bites you.
* * * LOW HITPOINT WARNING * * *
The black bear claws you but does no damage. x2
The black bear bites you.
* * * LOW HITPOINT WARNING * * *
The black bear barely misses you.
The black bear claws you but does no damage.
You feel better. The black bear bites you.
* * * LOW HITPOINT WARNING * * *
You block the black bear's attack. x2
You hit the black bear.
The black bear is almost dead.
The black bear bites you but does no damage.
You block the black bear's attack. The black bear claws you.
You die...

# #.#(.....#
#.######.#
#.....# #####.#
#.# #.# ##.##
#Wh.# #.@.#####.
#......... #
#####...#####.
##.#..........)#
................
##.#...........#
###.......###
#<.........
#.#...#.###


You could see a phantom and a black bear (berserk).

Vanquished Creatures
  Eustachio (D:4)
  A phantom (D:4)
  Blork the orc (D:4)
  A scorpion (D:3)
  2 hounds (D:4)
  3 orc priests (D:3)
  2 orc wizards
  3 gnolls (D:2)
  2 adders
  5 worms
  3 dart slugs (D:2)
  19 orcs
  6 ball pythons
  6 endoplasms
  3 giant cockroaches
  7 hobgoblins
  8 jackals
  6 kobolds
  9 bats
  A frilled lizard (D:3)
  3 goblins
  6 rats
98 creatures vanquished.

Vanquished Creatures (others)
  A human (D:3)
1 creature vanquished.

Grand Total: 99 creatures vanquished

Notes
Turn   | Place    | Note
-------+----------+-------------------------------------------
     0 | D:1      | GodsMustBeCrazy the Gargoyle Fighter began the quest for
                  | the Orb.
     0 | D:1      | Reached XP level 1. HP: 14/14 MP: 1/1
   421 | D:1      | Reached XP level 2. HP: 20/20 MP: 2/2
   429 | D:1      | Reached skill level 4 in Fighting
  1308 | D:1      | Found a faded altar of an unknown god.
  1368 | D:2      | Reached XP level 3. HP: 24/24 MP: 3/3
  1601 | D:2      | Reached skill level 5 in Fighting
  1857 | D:2      | Reached XP level 4. HP: 28/31 MP: 4/4
  2629 | D:3      | Found Anobo's Book Boutique.
  2798 | D:3      | Reached skill level 6 in Fighting
  2810 | D:3      | Reached XP level 5. HP: 30/37 MP: 5/5
  3279 | D:3      | Reached skill level 7 in Fighting
  3279 | D:3      | Reached XP level 6. HP: 18/44 MP: 6/6
  3478 | D:3      | Found an ancient bone altar of Kikubaaqudgha.
  3555 | D:3      | Noticed a human
  3556 | D:3      | Killed a human
  4295 | D:4      | Noticed Eustachio
  4314 | D:4      | Killed Eustachio
  4315 | D:4      | Reached skill level 8 in Fighting
  4315 | D:4      | Reached XP level 7. HP: 12/49 MP: 7/7
  4581 | D:4      | Found a blossoming altar of Fedhas.
  4582 | D:4      | Found a sacrificial altar of Ru.
  4582 | D:4      | Found an opulent altar of Gozag.
  4586 | D:4      | Found a radiant altar of Vehumet.
  4859 | D:4      | Noticed Blork the orc
  4869 | D:4      | Killed Blork the orc
  4870 | D:4      | Reached skill level 1 in Evocations
  5659 | D:5      | Entered Level 5 of the Dungeon
  5712 | D:5      | Slain by a black bear

Illustrated notes

Levels and vault maps discovered:
D:1:      ncdulo_lavacross, layout_loops_ring,
          hellmonk_ecumenical_altar_leap_of_faith, st_stairs_4
D:2:      layout_basic
D:3:      layout_loops_ring, tgw_kikubaaqudgha, serial_shops,
          nicolae_shop_trees, dk_noncrumbling_3
D:4:      layout_basic, grunt_temple_overflow_open, solitary_fountain,
          kennysheep_decorative_pillar, uniq_eustachio, uniq_blork_the_orc
D:5:      layout_loops_cross, mainiacjoe_overflow_chevrons,
          minmay_quadrilaterals, uniq_edmund, uniq_duvessa, uniq_ijyb

Skill      XL: |  1  2  3  4  5  6  7 |
---------------+----------------------+-----
Fighting       | 4 5 6 7 8 |  8.4
Axes           | 2 |  2.8
Shields        | 4 |  4.3
Evocations     | 1 |  1.3
Armour         | |  3.2

Action                   |  1- 3 |  4- 6 |  7- 9 || total
-------------------------+-------+-------+-------++-------
Melee: War axe           |    95 |    50 |       ||   145
       Flail             |       |   123 |    63 ||   186
 Fire: Hunting sling     |       |    10 |       ||    10
  Use: Potion            |       |       |     1 ||     1
Armor: Scale mail        |    65 |   114 |    48 ||   227
       Skin              |       |       |     2 ||     2
Dodge: Dodged            |    33 |    65 |    25 ||   123
Block: Kite shield       |    54 |   117 |    41 ||   212
